 Dungeon Crawl Stone Soup version 0.31.0-12-g77e489cdc1 (webtiles) character file.

Game seed: 12954356111208574799

37 cdecastro the Grasshopper (level 3, 0/29 HPs)
             Began as an Armataur Warper on Mar 4, 2024.
             Was a Follower of Elyvilon.
             Slain by a jackal (3 damage)
             ... on level 2 of the Dungeon.
             The game lasted 00:01:55 (1369 turns).

cdecastro the Grasshopper (Armataur Warper)         Turns: 1369, Time: 00:01:56

Health: 0/29       AC:  4    Str: 18    XL:     3   Next: 23%
Magic:  5/5        EV:  9    Int: 13    God:    Elyvilon [*.....]
Gold:   72         SH:  0    Dex:  9    Spells: 5/5 levels left

rFire   . . .        a - +0 mace
rCold   . . .        (no shield)
rNeg    . . .        b - +0 leather armour
rPois   .            (no helmet)
rElec   .            (no cloak)
rCorr   .            (no gloves)
SInv    .            (no barding)
Will    .....        (no amulet)
Stlth   +            (no ring)
HPRegen 0.24/turn    (no ring)
MPRegen 0.09/turn

%: roll
@: no status effects
A: large, deformed body, tough skin 3, armoured tail, roll 1
a: Renounce Religion, Purification


You were on level 2 of the Dungeon.
You worshipped Elyvilon.
Elyvilon was aware of your devotion.
You visited 1 branch of the dungeon, and saw 2 of its levels.

You collected 72 gold pieces.

Inventory:

Hand Weapons
 a - a +0 mace (weapon)
Missiles
 d - 7 darts of dispersal (quivered)
 e - 5 atropa-tipped darts
 q - 4 poisoned darts
Armour
 b - a +0 leather armour (worn)
Magical Staves
 l - a staff of alchemy
Wands
 p - a wand of acid (2)
Scrolls
 c - 2 scrolls of blinking
 f - a scroll of fog {unknown}
 g - 2 scrolls of amnesia {unknown}
 h - a scroll of immolation {unknown}
 j - 2 scrolls of teleportation {unknown}
 o - a scroll of silence {unknown}
Potions
 i - 2 potions of heal wounds {unknown}
 k - a potion of might {unknown}
 m - a potion of enlightenment {unknown}
 n - a potion of cancellation {unknown}


   Skills:
 - Level 1.7 Fighting
 * Level 2.9 Maces & Flails
 - Level 0.8 Throwing
 - Level 1.2 Armour
 - Level 1.3 Dodging
 - Level 1.7 Spellcasting
 + Level 3.5 Translocations


You had 5 spell levels left.
You didn't know any spells.
Your spell library contained the following spells:

 Spells                   Type           Power      Damage    Failure   Level
 Blink                    Tloc           20%        N/A       11%         2
 Lesser Beckoning         Tloc           20%        N/A       11%         2
 Teleport Other           Tloc           10%        N/A       22%         3
 Manifold Assault         Tloc           10%        N/A       58%         4
 Vhi's Electric Charge    Tloc/Air       10%        N/A       83%         4


Dungeon Overview and Level Annotations

Branches:
Dungeon (2/15)

Altars:
Elyvilon


Innate Abilities, Weirdness & Mutations

Armour fits poorly on your strangely shaped body.
You have extremely tough skin. (AC +3)
You have a long armoured tail.
You regenerate magic when rolling toward enemies. (Rampage MPRegen)


Message History

The jackal bites you.
* * * LOW HITPOINT WARNING * * *
The ball python closely misses you. The jackal barely misses you. x2
You barely miss the jackal.
Your tail-slap misses the jackal.
The jackal is almost dead.
The ball python closely misses you. The jackal barely misses you.
The jackal closely misses you. The ball python barely misses you.
The jackal bites you but does no damage.
The jackal closely misses you.
You closely miss the jackal.
The jackal is almost dead.
The jackal closely misses you. The jackal bites you.
* * * LOW HITPOINT WARNING * * *
The ball python bites you but does no damage.
You barely miss the jackal.
The jackal is almost dead.
The jackal bites you but does no damage. x2
The ball python bites you.
* * * LOW HITPOINT WARNING * * *
The jackal barely misses you.
The jackal bites you but does no damage.
The ball python bites you.
* * * LOW HITPOINT WARNING * * *
You barely miss the jackal.
The jackal is almost dead.
The jackal barely misses you.
The jackal bites you but does no damage.
The ball python bites you but does no damage.
The jackal closely misses you. The jackal bites you.
* * * LOW HITPOINT WARNING * * *
You closely miss the jackal.
The jackal is almost dead.
The ball python barely misses you. The jackal bites you.
* * * LOW HITPOINT WARNING * * *
The jackal bites you.
* * * LOW HITPOINT WARNING * * *
The ball python bites you.
* * * LOW HITPOINT WARNING * * *
The jackal bites you.
You die...

###.........##..##....
##.........+...######
#..........###....# #
#<.###########....#
..###.##..###.......#....#
>......hh...'.......†....+
...##..h..#.#.......##.>.#
.h..###.##h#.......##...#
..##...#.##@#........#...#
#....Sh######...#...#
###.#..# #...#...#
#.##.......####...#
#.##.......# ####
#.......# #.##+#### ..#
..#


You could see 2 jackals and a ball python.

Vanquished Creatures
  An adder (D:2)
  A dart slug (D:2)
  A ball python (D:1)
  An endoplasm (D:1)
  2 giant cockroaches (D:1)
  A goblin (D:2)
  6 hobgoblins
  2 jackals (D:2)
  A bat (D:1)
  3 frilled lizards (D:1)
  3 kobolds (D:1)
  3 rats (D:1)
25 creatures vanquished.

Notes
Turn   | Place    | Note
-------+----------+-------------------------------------------
     0 | D:1      | cdecastro the Armataur Warper began the quest for the Orb.
     0 | D:1      | Reached XP level 1. HP: 17/17 MP: 3/3
   227 | D:1      | Reached XP level 2. HP: 23/24 MP: 4/4
   704 | D:1      | Found a faded altar of an unknown god.
   748 | D:1      | Prayed at the altar of an unknown god.
   748 | D:1      | Became a worshipper of Elyvilon the Healer
   748 | D:1      | Reached * piety under Elyvilon
  1147 | D:2      | Reached XP level 3. HP: 3/29 MP: 5/5
  1369 | D:2      | Slain by a jackal

Illustrated notes

Levels and vault maps discovered:
D:1:      scummos_arrival_checkerplants, layout_basic,
          ebering_ecumenical_altar_abandoned
D:2:      layout_basic, minmay_tall_x

Skill      XL: |  1 |
---------------+----+-----
Maces & Flails | 2 |  2.9
Fighting       | |  1.7
Throwing       | |  0.8
Armour         | |  1.2
Dodging        | |  1.3
Spellcasting   | |  1.7
Translocations | |  3.5

Action                     || total
---------------------------++-------
  Melee: Mace              ||   104
         Tailslap          ||    10
 Invoke: Purification      ||     1
 Armour: Leather armour    ||   116
  Dodge: Dodged            ||    85
